 Dungeon Crawl Stone Soup version 0.30.1-11-g7821555f0a (webtiles) character file.

Game seed: 6023599884899573975

22459 AAAAAHH the Impaler (level 12, -4/108 HPs)
             Began as a Minotaur Berserker on Jan 13, 2024.
             Was a Priest of Trog.
             Slain by a hell hound (6 damage)
             ... led by Azrael
             ... on level 1 of the Snake Pit.
             The game lasted 01:05:12 (12478 turns).

AAAAAHH the Impaler (Minotaur Berserker)           Turns: 12478, Time: 01:05:12

Health: -4/108     AC: 19    Str: 26    XL:     12   Next: 63%
Magic:  11/11      EV: 15    Int:  4    God:    Trog [***...]
Gold:   690        SH:  5    Dex: 14    Spells: 11/11 levels left

rFire   + . .        h - +9 spear of the Heavens {spect, rElec Dex+3}
rCold   + . .        (no shield)
rNeg    . . .        t - +0 plate armour
rPois   +            (helmet restricted)
rElec   +            (no cloak)
rCorr   +            e - +0 pair of gloves
SInv    .            G - +0 pair of boots
Will    ++...        Y - amulet of reflection Stlth
                     P - ring of flight
HPRegen 1.38/turn    a - +5 ring of evasion
MPRegen 0.12/turn

%: reflection
@: resistant, strong-willed, flying, regenerating, hasted, very quick
A: horns 2, retaliatory headbutt
a: Renounce Religion, Berserk, Trog's Hand


You were on level 1 of the Snake Pit.
You worshipped Trog.
Trog was most pleased with you.
You visited 3 branches of the dungeon, and saw 14 of its levels.

You collected 690 gold pieces.

Inventory:

Hand Weapons
 h - the +9 spear of the Heavens (weapon) {spect, rElec Dex+3}
   (You found it on level 2 of the Dungeon)

   Dex:       It affects your dexterity (+3).
   rElec:     It insulates you from electricity.
 o - a +3 short sword of draining
 T - a +0 arbalest
 Z - a +3 scimitar of flaming
Missiles
 d - 6 boomerangs
 g - 20 poisoned darts
 X - 4 atropa-tipped darts
Armour
 e - a +0 pair of gloves (worn)
 t - a +0 plate armour (worn)
 G - a +0 pair of boots (worn)
 M - a +1 chain mail of fire resistance
Jewellery
 a - a +5 ring of evasion (right hand)
 x - a +6 ring of intelligence
 C - a ring of see invisible
 L - a ring of willpower
 P - a ring of flight (left hand)
 Q - a +5 ring of evasion
 R - an amulet of guardian spirit
 Y - an amulet of reflection (around neck)
Wands
 n - a wand of roots (7)
 w - a wand of quicksilver (17)
 D - a wand of mindburst (20)
 N - a wand of flame (9)
 U - a wand of polymorph (9)
Scrolls
 b - 3 scrolls of blinking {unknown}
 i - 4 scrolls of teleportation {unknown}
 k - 3 scrolls of magic mapping {unknown}
 l - 13 scrolls of identify {unknown}
 q - 2 scrolls of poison {unknown}
 s - 5 scrolls of torment {unknown}
 u - 2 scrolls of fear {unknown}
 v - 3 scrolls of fog {unknown}
 z - 2 scrolls of noise {unknown}
 E - a scroll of acquirement {unknown}
 J - 2 scrolls of vulnerability {unknown}
 K - 2 scrolls of amnesia {unknown}
 O - a scroll of butterflies {unknown}
 W - 3 scrolls of silence {unknown}
Potions
 c - a potion of flight
 f - 2 potions of might {unknown}
 j - a potion of brilliance {unknown}
 m - a potion of degeneration {unknown}
 p - 2 potions of cancellation {unknown}
 r - a potion of resistance
 y - a potion of mutation {unknown}
 H - a potion of ambrosia {unknown}
 I - a potion of magic {unknown}
 S - a potion of lignification {unknown}
Miscellaneous
 V - a phial of floods (inert)


   Skills:
 + Level 10.7 Fighting
 + Level 5.2(11.7) Axes
 * Level 16.1(16.4) Polearms
 + Level 13.6 Armour
 + Level 5.6 Dodging
 + Level 4.0 Stealth
 + Level 4.5 Shields
 + Level 0.1 Evocations


You had 11 spell levels left.
You didn't know any spells.
Your spell library contained the following spells:

 Spells                   Type           Power      Damage    Failure   Level
 Foxfire                  Conj/Fire      0%         2x1d4     99%         1
 Freeze                   Ice            0%         1d3       99%         1
 Frozen Ramparts          Ice            0%         1d1       100%        3
 Hailstorm                Conj/Ice       0%         3d3       100%        3
 Ice Form                 Ice/Tmut       0%         N/A       100%        4
 Summon Ice Beast         Ice/Summ       0%         N/A       100%        4
 Fireball                 Conj/Fire      0%         3d3       100%        5
 Plasma Beam              Fire/Air       0%         2x1d11    100%        6
 Starburst                Conj/Fire      0%         6d3       100%        6


Dungeon Overview and Level Annotations

Branches:
Dungeon (11/15)            Temple (0/1) D:5            Lair (2/5) D:11
  Snake (1/4) Lair:2          Orc (0/2) D:10
  Swamp: Lair:2-3    Shoals: Lair:2-3

Altars:
Ashenzari
Dithmenos
Gozag
Okawaru
Trog
Uskayaw
Vehumet
Xom

Annotations:
Snake:1 Azrael


Innate Abilities, Weirdness & Mutations

You have a pair of horns on your head.
You reflexively headbutt those who attack you in melee.


Message History

The hell hound breathes flames at you. The blast of flame hits you. You resist.
* * * LOW HITPOINT WARNING * * *
The hell hound breathes flames at you.
The blast of flame hits you but does no damage.
The hell hound breathes flames at you. The blast of flame hits you. You resist.
* * * LOW HITPOINT WARNING * * *
The blast of flame hits Azrael.
Azrael completely resists.
Azrael gestures at you.
The fireball explodes!
The fireball engulfs you. You resist.
* * * LOW HITPOINT WARNING * * *
The fireball engulfs Azrael.
Azrael completely resists.
The fireball engulfs the hell hound.
The hell hound completely resists.
The fireball engulfs the hell hound.
The hell hound completely resists.
The fireball engulfs the hell hound.
The hell hound completely resists.
The hell hound closely misses you. You furiously retaliate!
You headbutt the hell hound. The hell hound bites you.
* * * LOW HITPOINT WARNING * * *
The hell hound bites you.
* * * LOW HITPOINT WARNING * * *
You hit the hell hound.
The hell hound is moderately wounded.
Your +9 spear of the Heavens {spect, rElec Dex+3} hits the hell hound but does no damage.
Azrael gestures at you.
The fireball explodes!
The fireball engulfs you! You resist.
* * * LOW HITPOINT WARNING * * *
The fireball engulfs Azrael.
Azrael completely resists.
The fireball engulfs your +9 spear of the Heavens {spect, rElec Dex+3}!
Your +9 spear of the Heavens {spect, rElec Dex+3} resists.
Your spectral weapon shares its damage with you!
The fireball engulfs the hell hound.
The hell hound completely resists.
The fireball engulfs the hell hound.
The hell hound completely resists.
The fireball engulfs the hell hound.
The hell hound completely resists.
* * * LOW HITPOINT WARNING * * *
It was a potion of flight.
You feel more buoyant.
Your +9 spear of the Heavens {spect, rElec Dex+3} disappears.
The hell hound bites you.
You die...

###...###.#.#
#.........#.#######
#..†......#........
#......>..#########
#...........#
#........##.#
#........# .#
####h'##### #
#..@h.~§##
##Rh#~⌠..#
#.°~/(#.#
#.#~≈?~.##
###≈#.### #####
###### #.....
#.####


You could see Azrael (unaware) and 3 hell hounds.

Vanquished Creatures
  The ghost of pewpewpew the Severer, a journeyman MiFi of Okawaru (Snake:1)
  An anaconda (Snake:1)
  2 two-headed ogres (D:9)
  A naga warrior (Snake:1)
  Sonja (D:11)
  3 shock serpents (Snake:1)
  A deep elf pyromancer (D:7)
  A naga ritualist (Snake:1)
  A manticore (D:11)
  A salamander (Snake:1)
  2 cyclopes (D:7)
  12 black mambas
  Joseph (D:7)
  A naga mage (Snake:1)
  A gargoyle (D:11)
  3 cane toads
  An efreet (D:9)
  A troll (D:8)
  2 wyverns
  A vampire (D:10)
  14 yaks
  2 basilisks (Lair:2)
  Grum (D:9)
  4 vampire mosquitoes (D:11)
  2 steam dragons
  2 nagas (Snake:1)
  A hell hound (Snake:1)
  2 orc warriors
  9 water moccasins
  2 ice beasts
  6 black bears
  3 sky beasts
  An ogre (D:6)
  2 wolves (D:9)
  A centaur (D:9)
  A phantom (D:7)
  A kobold brigand (D:8)
  A gnoll sergeant (D:8)
  5 bullfrogs
  3 scorpions
  3 wights (D:8)
  4 killer bees (D:10)
  3 howler monkeys (D:8)
  A gnoll bouda (D:5)
  2 hounds
  4 orc priests
  3 jellies
  A sleepcap (D:5)
  6 iguanas
  Natasha (D:2)
  10 orc wizards
  8 adders
  14 gnolls
  A shadow imp (D:5)
  3 white imps
  An ufetubus (D:6)
  3 worms (D:2)
  3 dart slugs
  17 orcs
  2 bats
  3 endoplasms (D:4)
  3 giant cockroaches
  3 goblins
  6 hobgoblins
  3 quokkas
  4 ball pythons
  A frilled lizard (D:3)
  7 kobolds
  4 rats
225 creatures vanquished.

Vanquished Creatures (others)
  A water moccasin (D:8)
  A spectral weapon (Snake:1)
2 creatures vanquished.

Grand Total: 227 creatures vanquished

Notes
Turn   | Place    | Note
-------+----------+-------------------------------------------
     0 | D:1      | AAAAAHH the Minotaur Berserker began the quest for the Orb.
     0 | D:1      | Reached XP level 1. HP: 19/19 MP: 0/0
    82 | D:1      | You fall into a shaft and drop 1 floor!
   103 | D:2      | Reached XP level 2. HP: 18/27 MP: 1/1
   197 | D:2      | Identified the +9 spear of the Heavens {spect, rElec Dex+3}
   273 | D:2      | Noticed Natasha
   283 | D:2      | Reached XP level 3. HP: 23/33 MP: 2/2
   284 | D:2      | Killed Natasha
   740 | D:2      | Reached XP level 4. HP: 41/41 MP: 3/3
   924 | D:3      | Reached skill level 1 in Polearms
   998 | D:3      | Reached ** piety under Trog
  1150 | D:3      | Reached skill level 5 in Axes
  1151 | D:3      | Reached XP level 5. HP: 32/47 MP: 4/4
  1153 | D:3      | Reached skill level 2 in Polearms
  1223 | D:3      | Found a bloodstained altar of Trog.
  1782 | D:4      | Noticed a black bear
  1788 | D:4      | Killed a black bear
  1789 | D:4      | Reached skill level 5 in Fighting
  1789 | D:4      | Reached skill level 3 in Polearms
  1789 | D:4      | Reached XP level 6. HP: 46/56 MP: 5/5
  2038 | D:4      | Reached skill level 4 in Polearms
  2252 | D:4      | Found a shimmering altar of Xom.
  2479 | D:5      | Entered Level 5 of the Dungeon
  2756 | D:5      | Reached skill level 5 in Polearms
  2756 | D:5      | Reached XP level 7. HP: 50/61 MP: 6/6
  2764 | D:5      | Reached skill level 6 in Polearms
  2818 | D:5      | Found a staircase to the Ecumenical Temple.
  2926 | D:5      | Reached skill level 5 in Armour
  3120 | D:5      | Reached skill level 7 in Polearms
  3204 | D:5      | Reached XP level 8. HP: 70/70 MP: 7/7
  3645 | D:6      | Reached skill level 8 in Polearms
  3767 | D:6      | Reached skill level 1 in Stealth
  3856 | D:6      | Found a broken altar of Ashenzari.
  4003 | D:6      | Reached *** piety under Trog
  4004 | D:6      | Reached skill level 9 in Polearms
  4084 | D:6      | Found a shadowy altar of Dithmenos.
  4449 | D:7      | Noticed Joseph
  4456 | D:7      | Killed Joseph
  4457 | D:7      | Reached skill level 10 in Polearms
  4457 | D:7      | Reached XP level 9. HP: 68/77 MP: 8/8
  4869 | D:7      | Reached skill level 11 in Polearms
  4885 | D:7      | Noticed a cyclops
  4886 | D:7      | Noticed a cyclops
  4916 | D:7      | Killed a cyclops
  4932 | D:7      | Noticed a deep elf pyromancer
  4939 | D:7      | Killed a deep elf pyromancer
  4940 | D:7      | Reached skill level 12 in Polearms
  4976 | D:7      | Killed a cyclops
  4977 | D:7      | Reached XP level 10. HP: 77/84 MP: 9/9
  5687 | D:8      | Reached skill level 13 in Polearms
  6285 | D:8      | Found a radiant altar of Vehumet.
  6325 | D:8      | Found an opulent altar of Gozag.
  6984 | D:9      | Noticed Grum
  6995 | D:9      | Killed Grum
  7151 | D:9      | Found an iron altar of Okawaru.
  7455 | D:9      | Noticed a two-headed ogre
  7463 | D:9      | Killed a two-headed ogre
  7464 | D:9      | Reached skill level 14 in Polearms
  7464 | D:9      | Reached skill level 10 in Armour
  7677 | D:9      | Noticed a two-headed ogre
  7686 | D:9      | Killed a two-headed ogre
  7687 | D:9      | Reached XP level 11. HP: 83/94 MP: 10/10
  7861 | D:10     | Entered Level 10 of the Dungeon
  8006 | D:10     | Found a hide-covered altar of Uskayaw.
  8745 | D:10     | Found a staircase to the Orcish Mines.
  9109 | D:11     | Noticed Sonja
  9130 | D:11     | Killed Sonja
  9269 | D:11     | Reached skill level 1 in Shields
  9388 | D:11     | Found a staircase to the Lair.
  9400 | Lair:1   | Entered Level 1 of the Lair of Beasts
  9406 | Lair:1   | Reached **** piety under Trog
 10234 | Lair:1   | Reached skill level 5 in Dodging
 10498 | Lair:1   | Reached skill level 15 in Polearms
 11311 | Lair:2   | Found a staircase to the Snake Pit.
 11356 | Snake:1  | Entered Level 1 of the Snake Pit
 11384 | Snake:1  | Noticed an anaconda
 11388 | Snake:1  | Noticed a shock serpent
 11390 | Snake:1  | Killed an anaconda
 11391 | Snake:1  | Reached XP level 12. HP: 106/106 MP: 11/11
 11397 | Snake:1  | Reached skill level 10 in Fighting
 11999 | Snake:1  | Noticed a naga warrior
 12008 | Snake:1  | Killed a naga warrior
 12009 | Snake:1  | Reached skill level 16 in Polearms
 12204 | Snake:1  | Found a large runed translucent door.
 12204 | Snake:1  | Found a large runed translucent door.
 12217 | Snake:1  | Noticed pewpewpew's ghost (journeyman MiFi)
 12260 | Snake:1  | Killed pewpewpew's ghost
 12454 | Snake:1  | Noticed Azrael
 12477 | Snake:1  | HP: 1/108 [Azrael/+4 scimitar of flaming (6)]
 12478 | Snake:1  | Slain by a hell hound

Illustrated notes

Levels and vault maps discovered:
D:1:      minmay_arrival_semitransparent, layout_basic,
          shapermc_ecumenical_altar_notcrosses, serial_shops,
          nicolae_lakefront_shop, serial_rivers, chequers_serial_rivers_micro_b,
          chequers_serial_rivers_marsh, chequers_serial_rivers_room_b,
          chequers_serial_rivers_micro_c, chequers_serial_rivers_micro_e,
          minivault_19, minmay_cupped
D:2:      layout_basic, dreamdust_princess_bridge, chequers_serial_rivers_marsh,
          uniq_natasha
D:3:      layout_rooms, old_standard_altar, grunt_decor_fettered,
          grunt_ministairs_2
D:4:      layout_cave_pools, tgw_xom, kennysheep_crisscross
D:5:      minmay_spotlight, layout_basic, minmay_temple_entry_gardened_gates
D:6:      layout_cave_pools, mainiacjoe_overflow_six_doors_small,
          mainiacjoe_overflow_chevrons, kennysheep_generic_room_6
D:7:      minmay_chambers_of_sixes, layout_layer_cave, uniq_joseph
D:8:      lemuel_ice_spiral_2, layout_basic, mainiacjoe_overflow_catwalk,
          nicolae_vehumet_radiance, grunt_ministairs_11
D:9:      layout_loops_cross, okawaru_metal_pillars_1_2, kennysheep_dice,
          uniq_grum
D:10:     layout_cave_pods, lemuel_tele_altar, orc_0_dummy
D:11:     layout_gridville, lair_entry_dummy, uniq_sonja, uniq_psyche
Lair:1:   layout_regular_city, nicolae_lair_grove_arrangements,
          chequers_serial_rivers_marsh
Lair:2:   layout_roguey, minmay_snake_entry_six_corridors,
          ebering_ghost_inner_flame
Snake:1:  layout_basic, serial_shops, shop, ebering_ghost_disaster_area,
          st_stairs_7, uniq_azrael, uniq_aizul

Skill      XL: |  1  2  3  4  5  6  7  8  9 10 11 12 |
---------------+-------------------------------------+-----
Fighting       | 4 5 6 8 9 10 | 10.7
Axes           | 4 5 |  5.2
Polearms       | 1 3 5 7 10 12 14 15 16 | 16.1
Dodging        | 3 4 5 |  5.6
Armour         | 3 4 5 7 8 10 12 13 | 13.6
Stealth        | 1 2 3 4 |  4.0
Shields        | 2 4 |  4.5
Evocations     | |  0.1

Action                     |  1- 3 |  4- 6 |  7- 9 | 10-12 || total
---------------------------+-------+-------+-------+-------++-------
  Melee: Hand axe          |    11 |       |       |       ||    11
         Headbutt          |     5 |     5 |    17 |    62 ||    89
         Spear             |    16 |    58 |    98 |   303 ||   475
         Punch             |       |     1 |     4 |     5 ||    10
  Throw: Dart              |       |     1 |       |     2 ||     3
 Invoke: Berserk           |     1 |       |     2 |     5 ||     8
         Trog's Hand       |       |     1 |     5 |    17 ||    23
  Evoke: Wand              |       |       |       |     2 ||     2
         Phial of floods   |       |       |       |     1 ||     1
    Use: Potion            |       |       |       |    17 ||    17
   Stab: Distracted        |       |       |     1 |     3 ||     4
 Armour: Animal skin       |     4 |     1 |       |       ||     5
         Ring mail         |       |    20 |     1 |       ||    21
         Scale mail        |       |       |    17 |       ||    17
         Chain mail        |       |       |    20 |    77 ||    97
         Plate armour      |       |       |       |    21 ||    21
  Dodge: Dodged            |    22 |    32 |    41 |   133 ||   228
  Block: Other             |       |       |       |    30 ||    30
         Reflection        |       |       |       |     2 ||     2
